| TOP OF THE 1ST |
|
Punta Cana Cocos batting - Pitching for Merida Olas : RHP Ron G Davis
|
|
Pitching: RHP Ron G Davis
|
|
|
Batting: LHB Mike Cole
|
0-0: Ball 1-0: Ball 2-0: Foul Ball, location: 2F 2-1: Ball 3-1: Called Strike 3-2: Reached on error, E6 (Groundball, 6M, EV 103.8 MPH)
|
|
Batting: RHB Julio Acevedo
|
0-0: Ball 1-0: Ball 2-0: Called Strike 2-1: Called Strike 2-2: Strikes out swinging
|
|
Batting: RHB Jesse Vann
|
0-0: Ball 1-0: Ball 2-0: Swinging Strike 2-1: Foul Ball, location: 2F 2-2: Strikes out swinging
|
|
Batting: RHB Tony Brewer
|
Pickoff Throw to First - Out! 1-3
|
| Top of the 1st over - 0 runs, 0 hits, 1 error, 0 left on base; Punta Cana 0 - Merida 0 |
| BOTTOM OF THE 1ST |
|
Merida Olas batting - Pitching for Punta Cana Cocos : RHP John Violette
|
|
Pitching: RHP John Violette
|
|
|
Batting: LHB La Schelle Tarver
|
0-0: Bunt for hit to 2R - play at first, batter safe!
|
|
Batting: LHB Gary Jones
|
0-0: Called Strike La Schelle Tarver steals 2nd base 0-1: DOUBLE (Line Drive, 3D, EV 98.8 MPH) La Schelle Tarver scores
|
|
Batting: LHB Ronald Little
|
0-0: Ball 1-0: Foul Ball, location: 2F 1-1: Called Strike 1-2: Strikes out swinging
|
|
Batting: LHB Mike L Hart
|
0-0: Swinging Strike 0-1: Called Strike 0-2: Ball 1-2: Strikes out swinging
|
|
Batting: RHB Bob Bathe
|
0-0: Ball 1-0: Foul Ball, location: 2F 1-1: Foul Ball, location: 2F 1-2: Fly out, F7 (Flyball, 7D, EV 94.4 MPH)
|
| Bottom of the 1st over - 1 run, 2 hits, 0 errors, 1 left on base; Punta Cana 0 - Merida 1 |
| TOP OF THE 2ND |
|
Punta Cana Cocos batting - Pitching for Merida Olas : RHP Ron G Davis
|
|
Batting: RHB Tony Brewer
|
0-0: Called Strike 0-1: Called Strike 0-2: Strikes out swinging
|
|
Batting: RHB Darrell Miller
|
0-0: Ball 1-0: Ball 2-0: Ball 3-0: Base on Balls
|
|
Batting: RHB Barry Brunenkant
|
0-0: Ball 1-0: Ball 2-0: Called Strike 2-1: Grounds into double play, 6-4-3 (Groundball, 6, EV 109.4 MPH)
|
| Top of the 2nd over - 0 runs, 0 hits, 0 errors, 0 left on base; Punta Cana 0 - Merida 1 |
| BOTTOM OF THE 2ND |
|
Merida Olas batting - Pitching for Punta Cana Cocos : RHP John Violette
|
|
Batting: LHB Vernon Ramie
|
0-0: Fly out, F8 (Flyball, 8RD, EV 101.9 MPH)
|
|
Batting: RHB Tim Hulett
|
0-0: Ball 1-0: Swinging Strike 1-1: Called Strike 1-2: Reached on error, E6 (Groundball, 6, EV 78.8 MPH)
|
|
Batting: LHB Ty Van Burkleo
|
0-0: Swinging Strike 0-1: Fly out, F7 (Flyball, 7, EV 89.4 MPH)
|
|
Batting: LHB Joe Szekely
|
0-0: Fly out, F9 (Flyball, 9S, EV 92.5 MPH)
|
| Bottom of the 2nd over - 0 runs, 0 hits, 1 error, 1 left on base; Punta Cana 0 - Merida 1 |
| TOP OF THE 3RD |
|
Punta Cana Cocos batting - Pitching for Merida Olas : RHP Ron G Davis
|
|
Batting: RHB Tom Roarke
|
0-0: Ball 1-0: Ball 2-0: SINGLE (Flyball, 3D, EV 93.8 MPH)
|
|
Batting: RHB Leo George
|
0-0: Foul Ball, location: 2F 0-1: Ball 1-1: Called Strike 1-2: Strikes out swinging
|
|
Batting: RHB Cliff Wherry
|
0-0: Called Strike 0-1: Ball 1-1: Reached on error, E4 (Groundball, 4M, EV 100.0 MPH) Tom Roarke to second
|
|
Pitching: RHP Walt Terrell
|
|
|
Batting: LHB Mike Cole
|
0-0: Swinging Strike 0-1: Swinging Strike 0-2: Ball 1-2: Ball 2-2: Strikes out looking
|
|
Batting: RHB Julio Acevedo
|
0-0: Foul Ball, location: 2F 0-1: Ball 1-1: Ball 2-1: Called Strike 2-2: Foul Ball, location: 2F 2-2: Ball 3-2: Base on Balls Tom Roarke to third Cliff Wherry to second
|
|
Batting: RHB Jesse Vann
|
0-0: Foul Ball, location: 2F 0-1: Ball 1-1: Ball 2-1: Foul Ball, location: 2F 2-2: Foul Ball, location: 2F 2-2: Strikes out looking
|
| Top of the 3rd over - 0 runs, 1 hit, 1 error, 3 left on base; Punta Cana 0 - Merida 1 |
| BOTTOM OF THE 3RD |
|
Merida Olas batting - Pitching for Punta Cana Cocos : RHP John Violette
|
|
Batting: LHB La Schelle Tarver
|
0-0: Ball 1-0: SINGLE (Groundball, 56D, EV 98.1 MPH)
|
|
Batting: LHB Gary Jones
|
0-0: Ball 1-0: Ball 2-0: Ball 3-0: Base on Balls La Schelle Tarver to second
|
|
Batting: LHB Ronald Little
|
0-0: Foul Ball, location: 2F 0-1: Ball 1-1: Foul Ball, location: 2F 1-2: Ball 2-2: Ball 3-2: Strikes out swinging
|
|
Batting: LHB Mike L Hart
|
0-0: Foul Ball, location: 2F 0-1: Grounds into double play, 6-4-3 (Groundball, 56, EV 90.6 MPH)
|
| Bottom of the 3rd over - 0 runs, 1 hit, 0 errors, 1 left on base; Punta Cana 0 - Merida 1 |
| TOP OF THE 4TH |
|
Punta Cana Cocos batting - Pitching for Merida Olas : RHP Walt Terrell
|
|
Batting: RHB Tony Brewer
|
0-0: Ball 1-0: Swinging Strike 1-1: Ball 2-1: Ball 3-1: Foul Ball, location: 2F 3-2: Base on Balls
|
|
Batting: RHB Darrell Miller
|
0-0: Called Strike 0-1: Ball 1-1: SINGLE (Line Drive, 34D, EV 96.3 MPH) Tony Brewer to second Runner from 2nd tries for 3rd, SAFE, no throw by RF
|
|
Batting: RHB Barry Brunenkant
|
0-0: Called Strike 0-1: Ball 1-1: Ball 2-1: Foul Ball, location: 2F 2-2: SINGLE (Groundball, 5D, EV 94.4 MPH) Tony Brewer scores Darrell Miller to second
|
|
Batting: RHB Tom Roarke
|
0-0: Foul Ball, location: 2F 0-1: Fly out, F8 (Flyball, 8RXD, EV 89.4 MPH) Runner from 2nd tags up, SAFE at 3rd, no throw by CF
|
|
Batting: RHB Leo George
|
0-0: Called Strike 0-1: Ball 1-1: Foul Ball, location: 2F 1-2: Ball 2-2: Strikes out swinging
|
|
Batting: RHB Cliff Wherry
|
0-0: Called Strike 0-1: Called Strike 0-2: Ball 1-2: Fielders Choice at 2nd, 6-4 (Groundball, 6, EV 101.3 MPH)
|
| Top of the 4th over - 1 run, 2 hits, 0 errors, 2 left on base; Punta Cana 1 - Merida 1 |
| BOTTOM OF THE 4TH |
|
Merida Olas batting - Pitching for Punta Cana Cocos : RHP John Violette
|
|
Batting: RHB Bob Bathe
|
0-0: Foul Ball, location: 2F 0-1: Ball 1-1: Foul Ball, location: 2F 1-2: Ball 2-2: Foul Ball, location: 2F 2-2: Ground out 6-3 (Groundball, 6MD, EV 105.6 MPH)
|
|
Batting: LHB Vernon Ramie
|
0-0: Ball 1-0: Ball 2-0: Ball 3-0: Called Strike 3-1: Base on Balls
|
|
Batting: RHB Tim Hulett
|
0-0: SINGLE (Line Drive, 56D, EV 100.0 MPH) Vernon Ramie to second
|
|
Batting: LHB Ty Van Burkleo
|
0-0: Fielders Choice at 2nd, 6-4 (Groundball, 56, EV 85.6 MPH) Vernon Ramie to third
|
|
Batting: LHB Joe Szekely
|
0-0: Ball 1-0: Ground out 3-1 (Groundball, 34S, EV 88.8 MPH)
|
| Bottom of the 4th over - 0 runs, 1 hit, 0 errors, 2 left on base; Punta Cana 1 - Merida 1 |
| TOP OF THE 5TH |
|
Punta Cana Cocos batting - Pitching for Merida Olas : RHP Walt Terrell
|
|
Batting: LHB Mike Cole
|
0-0: Foul Ball, location: 2F 0-1: Swinging Strike 0-2: Ball 1-2: Fly out, F8 (Flyball, 8RD, EV 98.8 MPH)
|
|
Batting: RHB Julio Acevedo
|
0-0: SINGLE (Groundball, 56D, EV 104.4 MPH)
|
|
Batting: RHB Jesse Vann
|
0-0: Ball Julio Acevedo steals 2nd base 1-0: Ball 2-0: Ball 3-0: Base on Balls
|
|
Batting: RHB Tony Brewer
|
0-0: Ball 1-0: Ball 2-0: Called Strike 2-1: Ball 3-1: Called Strike 3-2: Strikes out swinging
|
|
Batting: RHB Darrell Miller
|
0-0: Swinging Strike 0-1: Ball 1-1: Swinging Strike 1-2: Foul Ball, location: 2F 1-2: Fielders Choice at 2nd, 6-4 (Groundball, 6, EV 100.0 MPH)
|
| Top of the 5th over - 0 runs, 1 hit, 0 errors, 2 left on base; Punta Cana 1 - Merida 1 |
| BOTTOM OF THE 5TH |
|
Merida Olas batting - Pitching for Punta Cana Cocos : RHP John Violette
|
|
Batting: LHB La Schelle Tarver
|
0-0: Ball 1-0: Called Strike 1-1: Ball 2-1: Foul Ball, location: 2F 2-2: Strikes out looking
|
|
Batting: LHB Gary Jones
|
0-0: Ball 1-0: Ball 2-0: Foul Ball, location: 2F 2-1: Ball 3-1: Base on Balls
|
|
Batting: LHB Ronald Little
|
0-0: Called Strike 0-1: Ball 1-1: Ball 2-1: Ball 3-1: SINGLE (Line Drive, 8RS, EV 105.0 MPH) Gary Jones to second
|
|
Batting: LHB Mike L Hart
|
0-0: Fly out, F8 (Flyball, 78D, EV 95.0 MPH)
|
|
Batting: RHB Bob Bathe
|
0-0: Called Strike 0-1: Ball 1-1: Swinging Strike 1-2: Foul Ball, location: 2F 1-2: Ball 2-2: Ball 3-2: Base on Balls Gary Jones to third Ronald Little to second
|
|
Batting: LHB Vernon Ramie
|
0-0: Ball 1-0: Called Strike 1-1: Foul Ball, location: 2F 1-2: Ball 2-2: Fielders Choice at 2nd, 6-4 (Groundball, 6, EV 100.0 MPH)
|
| Bottom of the 5th over - 0 runs, 1 hit, 0 errors, 3 left on base; Punta Cana 1 - Merida 1 |
| TOP OF THE 6TH |
|
Punta Cana Cocos batting - Pitching for Merida Olas : RHP Walt Terrell
|
|
Batting: RHB Barry Brunenkant
|
0-0: Called Strike 0-1: Ball 1-1: Ground out 4-3 (Groundball, 4, EV 79.4 MPH)
|
|
Batting: RHB Tom Roarke
|
0-0: Ball 1-0: Ball 2-0: Ball 3-0: Called Strike 3-1: Swinging Strike 3-2: Foul Ball, location: 2F 3-2: Foul Ball, location: 2F 3-2: Foul Ball, location: 2F 3-2: Strikes out looking
|
|
Pitching: RHP Ron Darling
|
|
|
Batting: RHB Leo George
|
0-0: Ball 1-0: Swinging Strike 1-1: Ball 2-1: Foul Ball, location: 2F 2-2: Ball 3-2: Strikes out swinging
|
| Top of the 6th over - 0 runs, 0 hits, 0 errors, 0 left on base; Punta Cana 1 - Merida 1 |
| BOTTOM OF THE 6TH |
|
Merida Olas batting - Pitching for Punta Cana Cocos : RHP John Violette
|
|
Batting: RHB Tim Hulett
|
0-0: Foul Ball, location: 2F 0-1: Swinging Strike 0-2: Ball 1-2: Strikes out looking
|
|
Batting: LHB Ty Van Burkleo
|
0-0: Ground out 3-1 (Groundball, 34, EV 83.1 MPH)
|
|
Batting: LHB Joe Szekely
|
0-0: Ball 1-0: Called Strike 1-1: Swinging Strike 1-2: Fly out, F3 (Popup, 3L, EV 71.3 MPH)
|
| Bottom of the 6th over - 0 runs, 0 hits, 0 errors, 0 left on base; Punta Cana 1 - Merida 1 |
| TOP OF THE 7TH |
|
Punta Cana Cocos batting - Pitching for Merida Olas : RHP Ron Darling
|
|
Batting: RHB Cliff Wherry
|
0-0: Ball 1-0: Called Strike 1-1: Called Strike 1-2: SINGLE (Groundball, 6MD, EV 96.3 MPH)
|
|
Batting: LHB Mike Cole
|
0-0: Ball 1-0: Swinging Strike 1-1: Called Strike 1-2: Ball 2-2: Ball 3-2: SINGLE (Line Drive, 8RS, EV 95.6 MPH) Cliff Wherry to second Cliff Wherry to third
|
|
Batting: RHB Julio Acevedo
|
0-0: Ball Mike Cole is caught stealing 2nd base 2-4 1-0: Swinging Strike 1-1: Ball 2-1: Swinging Strike 2-2: Strikes out looking
|
|
Batting: RHB Jesse Vann
|
0-0: Called Strike 0-1: Reached on error, E6 (Groundball, 6, EV 101.9 MPH) Cliff Wherry scores
|
|
Batting: RHB Tony Brewer
|
0-0: SINGLE (Groundball, 56D, EV 100.0 MPH) Jesse Vann to second
|
|
Batting: RHB Darrell Miller
|
0-0: Called Strike 0-1: Ball 1-1: Ball 2-1: Ball 3-1: Foul Ball, location: 2F 3-2: Base on Balls Jesse Vann to third Tony Brewer to second
|
|
Batting: RHB Barry Brunenkant
|
0-0: Called Strike 0-1: Ball 1-1: Ball 2-1: Fielders Choice at 2nd, 4-6 (Groundball, 4MD, EV 81.9 MPH)
|
| Top of the 7th over - 1 run, 3 hits, 1 error, 3 left on base; Punta Cana 2 - Merida 1 |
| BOTTOM OF THE 7TH |
|
Merida Olas batting - Pitching for Punta Cana Cocos : RHP John Violette
|
|
Batting: LHB La Schelle Tarver
|
0-0: Called Strike 0-1: Foul Ball, location: 2F 0-2: Ball 1-2: Foul Ball, location: 2F 1-2: Ball 2-2: Fly out, F8 (Flyball, 8LD, EV 98.1 MPH)
|
|
Batting: LHB Gary Jones
|
0-0: Ball 1-0: Called Strike 1-1: Ground out 4-3 (Groundball, 34, EV 103.8 MPH)
|
|
Batting: LHB Ronald Little
|
0-0: Ball 1-0: Ground out 4-3 (Groundball, 4S, EV 86.9 MPH)
|
| Bottom of the 7th over - 0 runs, 0 hits, 0 errors, 0 left on base; Punta Cana 2 - Merida 1 |
| TOP OF THE 8TH |
|
Punta Cana Cocos batting - Pitching for Merida Olas : RHP Ron Darling
|
|
Batting: RHB Tom Roarke
|
0-0: Foul Ball, location: 2F 0-1: Foul Ball, location: 2F 0-2: Strikes out swinging
|
|
Batting: RHB Leo George
|
0-0: Ball 1-0: Called Strike 1-1: Ball 2-1: Swinging Strike 2-2: Strikes out swinging
|
|
Batting: RHB Cliff Wherry
|
0-0: Called Strike 0-1: Ball 1-1: Ball 2-1: Foul Ball, location: 2F 2-2: Ball 3-2: Foul Ball, location: 2F 3-2: Foul Ball, location: 2F 3-2: Foul Ball, location: 2F 3-2: Base on Balls
|
|
Batting: LHB Mike Cole
|
0-0: Foul Ball, location: 2F 0-1: Ball 1-1: Ball 2-1: Foul Ball, location: 2F 2-2: Fly out, F9 (Flyball, 9, EV 85.0 MPH)
|
| Top of the 8th over - 0 runs, 0 hits, 0 errors, 1 left on base; Punta Cana 2 - Merida 1 |
| BOTTOM OF THE 8TH |
|
Merida Olas batting - Pitching for Punta Cana Cocos : RHP John Violette
|
|
Batting: LHB Mike L Hart
|
0-0: Called Strike 0-1: Ball 1-1: DOUBLE (Flyball, 78XD, EV 95.0 MPH)
|
|
Batting: RHB Bob Bathe
|
0-0: Called Strike 0-1: Ball 1-1: Swinging Strike 1-2: Strikes out looking
|
|
Batting: LHB Vernon Ramie
|
0-0: Ball 1-0: Foul Ball, location: 2F 1-1: Called Strike 1-2: Ball 2-2: Ball 3-2: Strikes out swinging
|
|
Batting: RHB Tim Hulett
|
0-0: Ground out 4-3 (Groundball, 4S, EV 70.0 MPH)
|
| Bottom of the 8th over - 0 runs, 1 hit, 0 errors, 1 left on base; Punta Cana 2 - Merida 1 |
| TOP OF THE 9TH |
|
Punta Cana Cocos batting - Pitching for Merida Olas : RHP Ron Darling
|
|
Batting: RHB Julio Acevedo
|
0-0: Ground out 6-3 (Groundball, 6, EV 83.1 MPH)
|
|
Batting: RHB Jesse Vann
|
0-0: Called Strike 0-1: Called Strike 0-2: Foul Ball, location: 2F 0-2: Strikes out swinging
|
|
Batting: RHB Tony Brewer
|
0-0: Ball 1-0: Ground out 3-1 (Groundball, 13, EV 76.9 MPH)
|
| Top of the 9th over - 0 runs, 0 hits, 0 errors, 0 left on base; Punta Cana 2 - Merida 1 |
| BOTTOM OF THE 9TH |
|
Merida Olas batting - Pitching for Punta Cana Cocos : RHP John Violette
|
|
Batting: LHB Ty Van Burkleo
|
0-0: Foul Ball, location: 2F 0-1: Fly out, F6 (Flyball, 56D, EV 83.1 MPH)
|
|
Batting: LHB Joe Szekely
|
0-0: Called Strike 0-1: Swinging Strike 0-2: Ball 1-2: Foul Ball, location: 2F 1-2: Strikes out looking
|
|
Batting: LHB La Schelle Tarver
|
0-0: Called Strike 0-1: Foul Ball, location: 2F 0-2: Ground out 4-3 (Groundball, 34, EV 95.6 MPH)
|
| Bottom of the 9th over - 0 runs, 0 hits, 0 errors, 0 left on base; Punta Cana 2 - Merida 1 |
|